[ AOE2 MATCH · #481582905 ]
UnrankedCelts vs Mongols
Player's team · WIN
[ REPLAY ANALYSIS · EXTRACTED FROM THE RECORDED GAME ]
Feudal
—
Castle
—
Imperial
—
| APM avg | 49.5 |
| APM peak | 80 |
| eAPM avg | 42.0 |
| Villagers / military | 0 / 217 |
Focus
⚔️ 99.3% · 🌾 0.7%
Knight ×217
Feudal
—
Castle
—
Imperial
—
| APM avg | 48.5 |
| APM peak | 74 |
| eAPM avg | 6.9 |
| Villagers / military | 0 / 0 |
Focus
⚔️ 100.0% · 🌾 0.0%
Feudal
—
Castle
—
Imperial
—
| APM avg | 55.5 |
| APM peak | 103 |
| eAPM avg | 11.3 |
| Villagers / military | 0 / 0 |
Focus
⚔️ 100.0% · 🌾 0.0%
Feudal
—
Castle
—
Imperial
—
| APM avg | 40.2 |
| APM peak | 73 |
| eAPM avg | 30.9 |
| Villagers / military | 0 / 0 |
Focus
⚔️ 99.4% · 🌾 0.6%
Feudal
—
Castle
—
Imperial
—
| APM avg | 37.7 |
| APM peak | 66 |
| eAPM avg | 23.1 |
| Villagers / military | 0 / 0 |
Focus
⚔️ 99.8% · 🌾 0.2%
Feudal
—
Castle
—
Imperial
—
| APM avg | 38.5 |
| APM peak | 68 |
| eAPM avg | 17.3 |
| Villagers / military | 0 / 239 |
Focus
⚔️ 92.2% · 🌾 7.8%
Archer ×122 · Knight ×98 · Spearman ×19
Feudal
—
Castle
—
Imperial
—
| APM avg | 44.2 |
| APM peak | 86 |
| eAPM avg | 7.9 |
| Villagers / military | 0 / 0 |
Focus
⚔️ 94.9% · 🌾 5.1%
Feudal
—
Castle
—
Imperial
—
| APM avg | 38.7 |
| APM peak | 67 |
| eAPM avg | 19.4 |
| Villagers / military | 0 / 0 |
Focus
⚔️ 99.6% · 🌾 0.4%
Match map
Initial resources + every placement click. Lines = walls · curves = elevation contours. ◆ gold · ⬟ stone · ● berries · ✦ relic · ◌ wall gap
Your base· Open
ESKİDEKALDI's base· ✓ Map-separated
Warrior Smith's base· Open
Burberry's base· Open
dennis's base· ✓ Map-separated
GOD bless you's base· Open
master's base· Open
[M8]Crown's base· Open
Smoothed initial terrain · ◌ = detected wall gap · hover for details
Inputs per minute
— [M8]Iggles - - ESKİDEKALDI
Build order — [M8]Iggles
91 actions detected in the replay
| 9:33 | Build | Stable |
| 9:34 | Build | Stable |
| 9:36 | Build | Stable |
| 9:37 | Build | Stable |
| 9:39 | Build | Stable |
| 9:40 | Build | Stable |
| 9:41 | Build | Stable |
| 9:43 | Build | Stable |
| 9:44 | Build | Stable |
| 9:45 | Build | Stable |
| 9:47 | Build | Stable |
| 9:48 | Build | Stable |
| 9:49 | Build | Stable |
| 10:24 | Build | Stable |
| 10:25 | Build | Stable |
| 10:27 | Build | Stable |
| 10:28 | Build | Stable |
| 10:30 | Build | Stable |
| 10:31 | Build | Stable |
| 10:33 | Build | Stable |
| 10:34 | Build | Stable |
| 10:40 | Build | Stable |
| 10:41 | Build | Stable |
| 10:42 | Build | Stable |
| 10:43 | Build | Stable |
| 10:59 | Research | Treadmill Crane |
| 11:00 | Research | Ballistics |
| 11:00 | Research | Guard Tower (upgrade) |
| 11:04 | Research | Chain Mail Armor |
| 11:04 | Research | Chain Barding Armor |
| 11:05 | Research | Iron Casting |
| 11:06 | Research | Bodkin Arrow |
| 11:06 | Research | Leather Archer Armor |
| 11:11 | Build | Stable |
| 11:12 | Build | Stable |
| 11:13 | Build | Stable |
| 11:14 | Build | Stable |
| 11:15 | Build | Stable |
| 11:16 | Build | Stable |
| 12:13 | Build | Stable |
| 12:17 | Build | Stable |
| 12:19 | Build | Stable |
| 12:19 | Build | Stable |
| 12:21 | Build | Stable |
| 12:22 | Build | Stable |
| 12:38 | Create | Knight ×5 |
| 12:38 | Create | Knight ×5 |
| 12:38 | Create | Knight ×5 |
| 12:40 | Create | Knight ×5 |
| 12:40 | Create | Knight ×5 |
| 12:41 | Create | Knight ×5 |
| 12:41 | Create | Knight ×5 |
| 12:43 | Create | Knight ×5 |
| 12:43 | Create | Knight ×5 |
| 12:43 | Create | Knight ×5 |
| 12:43 | Create | Knight ×5 |
| 12:44 | Create | Knight ×5 |
| 12:44 | Create | Knight ×5 |
| 12:44 | Create | Knight ×5 |
| 12:45 | Create | Knight ×5 |
| 14:26 | Create | Knight ×5 |
| 14:26 | Create | Knight ×5 |
| 14:27 | Create | Knight |
| 14:27 | Create | Knight ×5 |
| 14:27 | Create | Knight ×5 |
| 14:27 | Create | Knight ×5 |
| 14:27 | Create | Knight ×5 |
| 15:37 | Create | Knight ×5 |
| 15:38 | Create | Knight ×5 |
| 15:38 | Create | Knight ×5 |
| 15:39 | Create | Knight ×5 |
| 15:39 | Create | Knight ×5 |
| 15:40 | Create | Knight ×5 |
| 15:40 | Create | Knight ×5 |
| 15:40 | Create | Knight ×5 |
| 15:40 | Create | Knight ×5 |
| 15:41 | Create | Knight ×5 |
| 15:41 | Create | Knight ×5 |
| 15:41 | Create | Knight ×5 |
| 15:41 | Create | Knight ×5 |
| 15:41 | Create | Knight ×5 |
| 15:42 | Create | Knight ×5 |
| 16:57 | Create | Knight ×5 |
| 16:58 | Create | Knight ×5 |
| 16:58 | Create | Knight |
| 16:59 | Create | Knight ×5 |
| 16:59 | Create | Knight ×5 |
| 16:59 | Create | Knight ×5 |
| 16:59 | Create | Knight ×5 |
| 17:00 | Create | Knight ×5 |
| 17:05 | Research | Husbandry |
Build order — ESKİDEKALDI
0 actions detected in the replay
Build order — Warrior Smith
0 actions detected in the replay
Build order — Burberry
45 actions detected in the replay
| 3:54 | Build | Stone Wall |
| 3:57 | Build | Stone Wall |
| 4:03 | Build | Stone Wall |
| 4:07 | Build | Stone Wall |
| 5:28 | Build | Stable |
| 6:38 | Build | Stone Wall |
| 7:22 | Build | Stone Wall |
| 9:11 | Build | Stone Wall |
| 9:14 | Build | Stone Wall |
| 9:43 | Build | Stable |
| 9:45 | Build | Stable |
| 9:47 | Build | Stable |
| 9:49 | Build | Stable |
| 10:10 | Build | Stone Wall |
| 10:20 | Build | Stone Wall |
| 10:23 | Build | Stone Wall |
| 11:23 | Research | Bloodlines |
| 12:36 | Build | Stable |
| 12:37 | Build | Stable |
| 12:39 | Build | Stable |
| 12:40 | Build | Stable |
| 13:06 | Build | Stable |
| 13:08 | Build | Stable |
| 13:08 | Build | Stable |
| 13:09 | Build | Stable |
| 13:11 | Build | Stable |
| 13:12 | Build | Stable |
| 13:14 | Build | Stable |
| 13:15 | Build | Stable |
| 13:17 | Build | Stable |
| 13:18 | Build | Stable |
| 13:19 | Build | Stable |
| 13:55 | Build | Gate |
| 14:11 | Research | Bodkin Arrow |
| 14:11 | Research | Leather Archer Armor |
| 14:11 | Research | Chain Barding Armor |
| 14:12 | Research | Iron Casting |
| 14:12 | Research | Chain Mail Armor |
| 14:14 | Research | Ballistics |
| 14:15 | Research | Treadmill Crane |
| 14:16 | Research | Guard Tower (upgrade) |
| 14:16 | Research | Tech 909 |
| 14:17 | Research | Tech 908 |
| 14:17 | Research | Tech 908 |
| 14:49 | Research | Husbandry |
Build order — dennis
3 actions detected in the replay
| 17:19 | Research | Iron Casting |
| 17:19 | Research | Chain Mail Armor |
| 17:21 | Research | Treadmill Crane |
Build order — GOD bless you
92 actions detected in the replay
| 6:32 | Build | Archery Range |
| 6:32 | Build | Archery Range |
| 6:33 | Build | Archery Range |
| 7:19 | Create | Archer ×5 |
| 7:19 | Create | Archer ×5 |
| 7:19 | Create | Archer ×5 |
| 7:20 | Create | Archer ×5 |
| 7:35 | Build | Archery Range |
| 7:36 | Build | Archery Range |
| 7:37 | Build | Archery Range |
| 7:37 | Build | Archery Range |
| 8:51 | Create | Archer ×5 |
| 8:52 | Create | Archer ×5 |
| 8:52 | Create | Archer ×5 |
| 8:52 | Create | Archer ×5 |
| 8:53 | Create | Archer ×5 |
| 8:53 | Create | Archer ×5 |
| 8:53 | Create | Archer ×5 |
| 8:54 | Create | Archer ×2 |
| 9:16 | Create | Archer |
| 9:16 | Create | Archer |
| 9:24 | Build | Archery Range |
| 9:28 | Build | Archery Range |
| 9:35 | Build | Stable |
| 9:37 | Build | Stable |
| 9:39 | Build | Stable |
| 10:36 | Create | Archer ×5 |
| 10:36 | Create | Archer ×5 |
| 10:36 | Create | Archer ×5 |
| 10:37 | Create | Archer ×5 |
| 10:37 | Create | Archer ×5 |
| 11:23 | Build | Stone Wall |
| 11:37 | Create | Archer ×5 |
| 11:37 | Create | Archer ×5 |
| 11:38 | Create | Archer |
| 13:23 | Build | Stable |
| 13:24 | Build | Stable |
| 13:26 | Build | Stable |
| 13:27 | Build | Stable |
| 14:04 | Research | Bloodlines |
| 14:04 | Research | Bloodlines |
| 14:14 | Build | Stone Wall |
| 14:53 | Build | Stone Wall |
| 15:31 | Build | Stone Wall |
| 16:31 | Research | Crossbowman (upgrade) |
| 16:36 | Build | Guard Tower |
| 16:36 | Build | Guard Tower |
| 16:38 | Build | Guard Tower |
| 16:42 | Research | Husbandry |
| 16:43 | Create | Knight ×5 |
| 16:43 | Create | Knight ×5 |
| 16:43 | Create | Knight ×5 |
| 16:44 | Create | Knight ×5 |
| 16:44 | Create | Knight ×5 |
| 16:44 | Create | Knight ×5 |
| 16:45 | Create | Knight ×5 |
| 16:45 | Create | Knight ×5 |
| 16:45 | Create | Knight ×5 |
| 16:46 | Create | Knight ×5 |
| 16:46 | Create | Knight ×5 |
| 16:46 | Create | Knight ×5 |
| 16:47 | Create | Knight ×5 |
| 16:47 | Create | Knight ×5 |
| 16:48 | Create | Knight ×5 |
| 16:52 | Create | Archer |
| 16:52 | Create | Archer |
| 16:53 | Create | Archer ×5 |
| 16:53 | Create | Archer ×5 |
| 17:03 | Create | Knight ×5 |
| 17:03 | Create | Knight ×5 |
| 17:04 | Create | Knight ×5 |
| 17:04 | Create | Knight ×2 |
| 17:07 | Research | Bodkin Arrow |
| 17:07 | Research | Bodkin Arrow |
| 17:08 | Research | Leather Archer Armor |
| 17:08 | Research | Leather Archer Armor |
| 17:08 | Research | Chain Barding Armor |
| 17:09 | Research | Chain Barding Armor |
| 17:09 | Research | Chain Mail Armor |
| 17:16 | Create | Archer ×5 |
| 17:16 | Create | Archer ×5 |
| 17:17 | Create | Archer ×5 |
| 17:26 | Research | Ballistics |
| 17:33 | Research | First Crusade |
| 17:34 | Research | First Crusade |
| 17:36 | Create | Knight ×3 |
| 17:36 | Create | Knight ×3 |
| 17:47 | Research | Pikeman (upgrade) |
| 17:47 | Create | Spearman ×5 |
| 17:48 | Create | Spearman ×5 |
| 17:48 | Create | Spearman ×5 |
| 17:48 | Create | Spearman ×4 |
Build order — master
12 actions detected in the replay
| 6:31 | Research | Chain Mail Armor |
| 6:32 | Research | Iron Casting |
| 6:32 | Research | Chain Barding Armor |
| 6:33 | Research | Bodkin Arrow |
| 6:33 | Research | Leather Archer Armor |
| 6:34 | Research | Leather Archer Armor |
| 6:36 | Research | Ballistics |
| 6:36 | Research | Guard Tower (upgrade) |
| 6:37 | Research | Careening |
| 6:37 | Research | Tech 908 |
| 6:38 | Research | Tech 908 |
| 6:38 | Research | Tech 908 |
Build order — [M8]Crown
32 actions detected in the replay
| 4:40 | Build | Archery Range |
| 4:42 | Build | Archery Range |
| 4:43 | Build | Archery Range |
| 4:44 | Build | Archery Range |
| 4:46 | Build | Archery Range |
| 5:42 | Build | Archery Range |
| 6:40 | Build | Archery Range |
| 6:41 | Build | Archery Range |
| 6:43 | Build | Archery Range |
| 6:44 | Build | Archery Range |
| 6:45 | Build | Archery Range |
| 6:46 | Build | Archery Range |
| 6:47 | Build | Archery Range |
| 6:49 | Build | Archery Range |
| 6:49 | Build | Archery Range |
| 7:58 | Build | Archery Range |
| 8:00 | Build | Archery Range |
| 8:01 | Build | Archery Range |
| 8:06 | Build | Barracks |
| 14:45 | Build | Archery Range |
| 17:22 | Research | Leather Archer Armor |
| 17:22 | Research | Chain Barding Armor |
| 17:23 | Research | Iron Casting |
| 17:24 | Research | Bodkin Arrow |
| 17:24 | Research | Chain Mail Armor |
| 17:27 | Research | Chemistry |
| 17:28 | Research | Treadmill Crane |
| 17:29 | Research | Ballistics |
| 17:30 | Research | Guard Tower (upgrade) |
| 17:30 | Research | Tech 909 |
| 17:31 | Research | Tech 908 |
| 17:31 | Research | Careening |
Match timeline
| 3:54 | Burberry · wall_segment Stone Wall x1 |
| 3:57 | Burberry · wall_segment Stone Wall x12 |
| 4:03 | Burberry · wall_segment Stone Wall x1 |
| 4:07 | Burberry · wall_segment Stone Wall x12 |
| 4:40 | [M8]Crown · first_building Archery Range |
| 5:28 | Burberry · first_building Stable |
| 6:32 | GOD bless you · first_building Archery Range |
| 6:38 | Burberry · wall_segment Stone Wall x12 |
| 7:22 | Burberry · wall_segment Stone Wall x15 |
| 8:06 | [M8]Crown · first_building Barracks |
| 9:11 | Burberry · wall_segment Stone Wall x1 |
| 9:14 | Burberry · wall_segment Stone Wall x12 |
| 9:33 | [M8]Iggles · first_building Stable |
| 9:35 | GOD bless you · first_building Stable |
| 10:10 | Burberry · wall_segment Stone Wall x1 |
| 10:20 | Burberry · wall_segment Stone Wall x1 |
| 10:23 | Burberry · wall_segment Stone Wall x1 |
| 11:23 | GOD bless you · wall_segment Stone Wall x22 |
| 14:14 | GOD bless you · wall_segment Stone Wall x19 |
| 14:35 | master · resign |
| 14:53 | GOD bless you · wall_segment Stone Wall x1 |
| 15:31 | GOD bless you · wall_segment Stone Wall x1 |
[ AI ANALYSIS · 1 CREDIT ]
What really happened in this match?
Wolo.gg analyzes every decision: build order, eco, micro, common mistakes by bracket. Personalized analysis on WhatsApp or Discord in 30 seconds.
Civ guide
Celts
Map guide
CBA_=REQUIEM=_V292 (Scenario)
Perfil
[M8]Iggles